 Dungeon Crawl Stone Soup version 0.24-a0-549-g45f0056d81 (webtiles) character file.

Game seed: 6836443928618361513

959 DasRunzen the Skirmisher (level 7, -1/64 HPs)
             Began as a Minotaur Fighter on Aug 20, 2019.
             Killed from afar by Ijyb (4 damage)
             ... with an iceblast
             ... on level 5 of the Dungeon.
             The game lasted 00:08:36 (4111 turns).

DasRunzen the Skirmisher (Minotaur Fighter)         Turns: 4111, Time: 00:08:37

Health: -1/64      AC: 11    Str: 21    XL:     7   Next: 91%
Magic:  6/6        EV:  8    Int:  5    God:
Gold:   205        SH: 10    Dex: 11    Spells: 6/6 levels left

rFire    . . .     SeeInvis .   a - +0 war axe
rCold    . . .     Gourm    .   c - +0 shield
rNeg     . . .     Faith    .   b - +0 scale mail
rPois    .         Spirit   .   (helmet restricted)
rElec    .         Reflect  .   (no cloak)
rCorr    .         Harm     .   i - +2 pair of gloves
MR       .....                  (no boots)
Stlth    ..........             (no amulet)
HPRegen  0.20/turn              (no ring)
MPRegen  0.10/turn              (no ring)

@: no status effects
A: retaliatory headbutt, horns 2
a: no special abilities


You were on level 5 of the Dungeon.
You were very hungry.

You visited 1 branch of the dungeon, and saw 5 of its levels.

You collected 205 gold pieces.

Inventory:

Hand Weapons
 a - a +0 war axe (weapon)
Armour
 b - a +0 scale mail (worn)
 c - a +0 shield (worn)
 i - a +2 pair of gloves (worn)
Jewellery
 q - a cursed amulet of guardian spirit {unknown}
Wands
 p - a wand of flame (20)
Scrolls
 j - 2 scrolls of fog
 k - a scroll of teleportation
 l - 5 scrolls of remove curse
 n - a scroll of fear
 r - a scroll of identify
Potions
 d - a potion of might
 e - 6 potions of heal wounds
 g - 3 potions of curing
 h - a potion of haste
 m - a potion of lignification {unknown}
 o - a potion of ambrosia {unknown}
Comestibles
 f - 12 rations


   Skills:
 + Level 6.5 Fighting
 + Level 5.9 Axes
 + Level 6.5 Armour
 + Level 6.5 Shields


You had 6 spell levels left.
You didn't know any spells.
Your spell library contained the following spells:

 Spells                   Type           Power        Failure   Level  Hunger
 Confusing Touch          Hex            #.....       99%         1    ##.....
 Confuse                  Hex            #.......     100%        3    ####...
 Gell's Gravitas          Tloc           #.........   100%        3    ####...
 Petrify                  Tmut/Erth      #.......     100%        4    #####..
 Metabolic Englaciation   Hex/Ice        #.........   100%        5    ######.
 Yara's Violent Unravell  Hex/Tmut       #.........   100%        5    ######.


Dungeon Overview and Level Annotations

Branches:
Dungeon (5/15)
 Temple: D:4-7

Altars:
Nemelex Xobeh

Annotations:
D:5 Ijyb


Innate Abilities, Weirdness & Mutations

You reflexively headbutt those who attack you in melee.
You have a pair of horns on your head.


Message History

The gnoll hits you but does no damage. The gnoll hits you with a +0 halberd!
* * * LOW HITPOINT WARNING * * *
You block the gnoll's attack.
You closely miss the gnoll.
You headbutt the gnoll, but do no damage.
The gnoll is almost dead.
The gnoll closely misses you. You block the gnoll's attack.
The gnoll barely misses you.
The gnoll hits you from afar with a +0 halberd.
* * * LOW HITPOINT WARNING * * *
Ijyb the Twisted Goblin comes into view.
She is carrying a wand of iceblast (7).
Ijyb shouts!
Ijyb zaps a wand.
The mass of ice explodes!
The iceblast engulfs you.
* * * LOW HITPOINT WARNING * * *
The gnoll barely misses you.
Unknown command.
Ijyb zaps a wand.
The mass of ice explodes!
The iceblast engulfs you!
* * * LOW HITPOINT WARNING * * *
Ijyb zaps a wand.
The mass of ice explodes!
The iceblast engulfs you.
You die...

#.#.###.# # #.#.###.# #
#.......# #
###.#########.# ### #.#
#.. ..# #.. #.# #.# #.#
#.# ##.##
#.###.########.#
##...####.#.g.......##..
#...<..@..gl#..####.##.#
##<..####.gg.....##.##.#
##.## #..............#
.## ##.....#.##.##.# #.
#.##..#.##.##.# #.
#.##.......##.l #.
#.......#######
###...### # #...# #


You could see Ijyb, an iguana and 3 gnolls.

Vanquished Creatures
  The ghost of Meatbag the Shield-Bearer, an amateur GrFi of Okawaru (D:4)
  2 phantoms (D:4)
  The ghost of bgiannan the Skirmisher, an amateur GrFi (D:3)
  2 scorpions (D:4)
  A gnoll shaman (D:5)
  A hound (D:4)
  Terence (D:2)
  2 orc wizards (D:4)
  2 worker ants (D:4)
  10 gnolls
  5 adders
  2 oozes
  An adder zombie (D:5)
  3 worms
  3 dart slugs
  4 leopard geckos
  3 orcs
  7 bats
  4 giant cockroaches
  6 goblins
  6 hobgoblins
  8 jackals
  10 kobolds
  3 quokkas (D:3)
  2 ball pythons (D:2)
  2 frilled lizards (D:2)
  13 rats
105 creatures vanquished.

Notes
Turn   | Place    | Note
-------+----------+-------------------------------------------
     0 | D:1      | DasRunzen the Minotaur Fighter began the quest for the Orb.
     0 | D:1      | Reached XP level 1. HP: 19/19 MP: 0/0
   213 | D:1      | Reached XP level 2. HP: 27/27 MP: 1/1
   830 | D:1      | Reached XP level 3. HP: 28/33 MP: 2/2
  1134 | D:2      | Noticed Terence
  1141 | D:2      | Killed Terence
  1141 | D:2      | Reached XP level 4. HP: 41/41 MP: 3/3
  1460 | D:3      | Found a runed translucent gate.
  1460 | D:3      | Found a runed translucent gate.
  1462 | D:3      | Found a runed translucent gate.
  1469 | D:3      | Noticed bgiannan's ghost (amateur GrFi)
  1963 | D:3      | Reached XP level 5. HP: 47/47 MP: 4/4
  2012 | D:3      | Reached skill level 5 in Fighting
  2424 | D:3      | Found a sparkling altar of Nemelex Xobeh.
  2669 | D:3      | Reached skill level 5 in Armour
  2669 | D:3      | Reached skill level 5 in Shields
  2680 | D:3      | Killed bgiannan's ghost
  2680 | D:3      | Reached XP level 6. HP: 51/56 MP: 5/5
  3164 | D:4      | Reached skill level 5 in Axes
  3229 | D:4      | Reached XP level 7. HP: 46/62 MP: 6/6
  3619 | D:4      | Found a runed translucent door.
  3623 | D:4      | Noticed Meatbag's ghost (amateur GrFi)
  3964 | D:4      | Killed Meatbag's ghost
  4002 | D:5      | Entered Level 5 of the Dungeon
  4104 | D:5      | Noticed Ijyb
  4110 | D:5      | HP: 3/64 [Ijyb/iceblast (7)]
  4111 | D:5      | Killed from afar by Ijyb

Levels and vault maps discovered:
D:1:      lightli_arrival_flooded_house, layout_basic
D:2:      layout_rooms, first_ration, grunt_ministairs_10,
          minmay_rat_gold_closets, uniq_terence
D:3:      layout_basic, gammafunk_ghost_split, nemelex_lonely_heart_becter
D:4:      layout_gridville, hellmonk_ghost_happy_afterlife, st_stairs_3
D:5:      layout_loops_cross, kennysheep_small_circle, uniq_ijyb,
          uniq_blork_the_orc

Skill      XL: |  1  2  3  4  5  6  7 |
---------------+----------------------+-----
Fighting       | 4 5 6 |  6.5
Shields        | 4 5 6 |  6.5
Armour         | 4 5 6 |  6.5
Axes           | 3 4 5 |  5.9

Action                   |  1- 3 |  4- 6 |  7- 9 || total
-------------------------+-------+-------+-------++-------
Melee: War axe           |    93 |   195 |    51 ||   339
       Headbutt          |    13 |    22 |     7 ||    42
  Use: Scroll            |     4 |     6 |     2 ||    12
  Eat: Chunk             |     1 |     4 |     1 ||     6
       Ration            |       |     1 |       ||     1
Armor: Scale mail        |    62 |    87 |    16 ||   165
Dodge: Dodged            |    29 |    40 |    24 ||    93
Block: Shield            |    72 |    98 |    21 ||   191

Table legend:
 A = Non-vault XP
 B = Vault XP
 C = Vault XP percentage of total XP
 D = Non-vault monster count
 E = Vault monster count
 F = Vault count percentage of total count
                 A         B        C        D         E       F
            +---------+---------+-------+---------+---------+-------
      Total |     890 |     480 |  35.0 |      89 |      16 |  15.2
            +---------+---------+-------+---------+---------+-------
        D:1 |      56 |       2 |   3.4 |      21 |       1 |   4.5
        D:2 |      34 |      43 |  55.8 |      18 |       8 |  30.8
        D:3 |     186 |     123 |  39.8 |      32 |       4 |  11.1
        D:4 |     538 |     312 |  36.7 |      14 |       3 |  17.6
        D:5 |      76 |       0 |   0.0 |       4 |       0 |   0.0
            +---------+---------+-------+---------+---------+-------
